 Seeded DCSS version 0.28-a0-1613-gdaab1c2f9b (webtiles) character file.

Game seed: 11 (custom seed)

1439 knot the Cleaver (level 8, -4/58 HPs)
             Began as a Demonspawn Berserker on Jan 21, 2022.
             Was a Believer of Trog.
             Shot with an arrow by a centaur (6 damage)
             ... on level 6 of the Dungeon.
             The game lasted 00:08:31 (7928 turns).

knot the Cleaver (Demonspawn Berserker)             Turns: 7928, Time: 00:08:32

Health: -4/58      AC:  4    Str: 18 (19) XL:     8   Next: 45%
Magic:  8/8        EV: 12    Int:  9 (10) God:    Trog [**....]
Gold:   235        SH:  0    Dex: 11 (12) Spells: 7/7 levels left

rFire   . . .      SeeInvis .   B - +3 spear (venom)
rCold   . . .      Faith    .   (no shield)
rNeg    . . .      Spirit   .   i - +0 leather armour
rPois   .          Reflect  .   (no helmet)
rElec   .          Harm     .   (no cloak)
rCorr   .          Rampage  .   (no gloves)
Will    ++...                   x - +0 pair of boots
Stlth   +.........              (no amulet)
HPRegen 1.19/turn               (no ring)
MPRegen 0.11/turn               (no ring)

@: strong-willed, on berserk cooldown, regenerating
A: powered by death 2, sturdy frame 1, weakness stinger 1
a: Renounce Religion, Berserk, Trog's Hand


You were on level 6 of the Dungeon.
You worshipped Trog.
Trog was pleased with you.
You visited 1 branch of the dungeon, and saw 6 of its levels.
You also visited: Sewer.

You collected 235 gold pieces.

Inventory:

Hand Weapons
 a - a +0 hand axe
 B - a +3 spear of venom (weapon)
Missiles
 d - 111 stones
 j - 4 boomerangs (quivered)
 p - 2 atropa-tipped darts
Armour
 i - a +0 leather armour (worn)
 x - a +0 pair of boots (worn)
Jewellery
 w - an amulet of magic regeneration
Wands
 y - a wand of charming (4)
Scrolls
 e - a scroll of fog {unknown}
 h - a scroll of enchant weapon
 n - a scroll of summoning {unknown}
 o - 4 scrolls of teleportation {unknown}
 s - a scroll of fear {unknown}
 u - 4 scrolls of identify
Potions
 b - a potion of lignification
 c - 4 potions of brilliance
 f - 3 potions of mutation
 g - a potion of attraction
 k - a potion of curing {unknown}
 l - a potion of magic
 m - 3 potions of degeneration
 q - 2 potions of cancellation {unknown}
 r - a potion of berserk rage {unknown}
 t - 2 potions of flight {unknown}
 v - a potion of invisibility {unknown}
 z - a potion of haste {unknown}
 A - 2 potions of might {unknown}


   Skills:
 - Level 3.0 Fighting
 * Level 8.0 Axes
 * Level 5.8 Throwing
 - Level 1.7 Armour
 - Level 1.7 Dodging


You had 7 spell levels left.
You didn't know any spells.
Your spell library contained the following spells:

 Spells                   Type           Power      Damage    Failure   Level
 Blink                    Tloc           0%         N/A       54%         2
 Manifold Assault         Tloc           0%         N/A       100%        5
 Storm Form               Tmut/Air       0%         N/A       100%        7


Dungeon Overview and Level Annotations

Branches:
Dungeon (6/15)              Sewer (visited)
 Temple: D:4-7

Altars:
Ashenzari
Cheibriados
Dithmenos
Elyvilon
Makhleb
Ru
Trog
Vehumet
Yredelemnul


Innate Abilities, Weirdness & Mutations

You regenerate health from kills.
Your movements are slightly less encumbered by armour. (ER -2)
You have a small tail.


Message History

You start resting.
You feel sick. x4
You are no longer poisoned.
You start resting.
You feel yourself speed up.
You start resting.
A centaur comes into view. It is wielding a +0 hand axe.
You are too injured to fight recklessly!
Unknown command.
Your +3 spear of venom begins to drip with poison!
B - a +3 spear of venom (weapon)
The centaur shouts!
The centaur unwields a +0 hand axe.
The centaur wields a +0 shortbow.
The centaur shoots an arrow.
The arrow misses you.
You are too injured to fight recklessly!
You are too injured to fight recklessly!
You are too injured to fight recklessly!
Reach: B) +3 spear (venom)
Press: ? - help, Dir - move target, f - centaur
Aim: a centaur, wielding a +0 shortbow and quivering arrows (about 24% to evade your +3 spear of venom)
You reach to attack!
You hit the centaur.
The centaur is lightly wounded.
The centaur shoots an arrow.
The arrow hits you.
* * * LOW HITPOINT WARNING * * *
Your skin crawls.
You feel strong-willed.
The centaur shoots an arrow.
The arrow hits you!
* * * LOW HITPOINT WARNING * * *
The centaur shoots an arrow.
The arrow misses you.
Okay, then.
Okay, then.
Okay, then.
It was a potion of degeneration.
There was something very wrong with that liquid.
You feel weakened.
You feel dopey.
You feel clumsy.
The centaur shoots an arrow.
The arrow hits you.
* * * LOW HITPOINT WARNING * * *
Unknown command.
It was a potion of magic.
Magic courses through your body.
The centaur shoots an arrow.
The arrow hits you.
You die...

## .. #.....#....# #.. ..
#.....#..... #... .
#..<.......# #...###.
##########.. #......#
###### #.# #......#
#....# ######.# #.....h##
#.##.# #.......
#+##+##+###.##.# #.####.#
#..##..#@##.##.# #....#.#
#...##.#..#.##.# #.......
#...##c###.##.# #.......
#.)#).###.##.# #.#.....
##+##'##'##.##.###.#.....
#.........#..#....>......
#.8..8..8.#.########.....
#.........#.# #.....
#####'#####.# #.....


You could see a centaur.

Vanquished Creatures
  Eustachio (D:4)
  4 ogres (D:5)
  A centaur (D:5)
  2 necrophages
  A phantom (D:4)
  A wyvern zombie (D:5)
  A scorpion (D:4)
  A gnoll sergeant (D:6)
  A wyvern skeleton (D:6)
  A gnoll shaman (D:6)
  A hound (D:5)
  2 bullfrog skeletons
  2 iguanas
  A howler monkey zombie (D:6)
  A howler monkey skeleton (D:6)
  5 gnolls
  4 adders
  7 river rats
  A worm (D:2)
  A dart slug (D:3)
  An orc (D:3)
  6 endoplasms
  4 giant cockroaches
  4 goblins
  3 hobgoblins
  4 jackals
  7 kobolds
  2 quokkas
  11 ball pythons
  8 bats
  5 frilled lizards
  16 rats
110 creatures vanquished.

Vanquished Creatures (collateral kills)
  A white imp (D:6)
1 creature vanquished.

Vanquished Creatures (others)
  A gnoll (D:6)
1 creature vanquished.

Grand Total: 112 creatures vanquished

Notes
Turn   | Place    | Note
-------+----------+-------------------------------------------
     0 | D:1      | knot the Demonspawn Berserker began the quest for the Orb.
     0 | D:1      | Reached XP level 1. HP: 18/18 MP: 1/1
    52 | D:1      | Reached skill level 3 in Axes
    57 | D:1      | Gained mutation: You regenerate a little health from kills.
                  | [demonic ancestry]
    57 | D:1      | Reached XP level 2. HP: 24/24 MP: 2/2
   436 | D:1      | Found a faded altar of an unknown god.
   775 | D:2      | Gained mutation: Your movements are slightly less
                  | encumbered by armour. (ER -2) [demonic ancestry]
   775 | D:2      | Reached XP level 3. HP: 25/29 MP: 3/3
   837 | D:2      | Reached ** piety under Trog
   969 | D:2      | Reached skill level 4 in Axes
  2087 | D:3      | Found a glowing drain.
  2103 | D:3      | Reached XP level 4. HP: 27/35 MP: 4/4
  2202 | Sewer    | Entered a sewer
  2440 | Sewer    | Reached skill level 5 in Axes
  3173 | Sewer    | Reached XP level 5. HP: 33/41 MP: 5/5
  4024 | D:3      | Found a shadowy altar of Dithmenos.
  4027 | D:3      | Found a bloodstained altar of Trog.
  4028 | D:3      | Found a basalt altar of Yredelemnul.
  4028 | D:3      | Found a radiant altar of Vehumet.
  4028 | D:3      | Found a burning altar of Makhleb.
  4030 | D:3      | Found a broken altar of Ashenzari.
  4031 | D:3      | Found a snail-covered altar of Cheibriados.
  4033 | D:3      | Found a sacrificial altar of Ru.
  4234 | D:4      | Noticed a phantom
  4249 | D:4      | Killed a phantom
  4250 | D:4      | Reached skill level 1 in Throwing
  4455 | D:4      | Noticed Eustachio
  4470 | D:4      | Killed Eustachio
  4471 | D:4      | Reached skill level 6 in Axes
  4471 | D:4      | Gained mutation: You have a small tail. [demonic ancestry]
  4471 | D:4      | Reached XP level 6. HP: 37/47 MP: 6/6
  5336 | D:4      | Gained mutation: You regenerate health from kills. [demonic
                  | ancestry]
  5336 | D:4      | Reached XP level 7. HP: 52/52 MP: 7/7
  5747 | D:5      | Entered Level 5 of the Dungeon
  6019 | D:5      | Reached skill level 7 in Axes
  6613 | D:5      | Reached XP level 8. HP: 47/58 MP: 8/8
  7141 | D:5      | Reached skill level 5 in Throwing
  7726 | D:6      | Reached skill level 8 in Axes
  7927 | D:6      | HP: 1/58 [centaur/arrow (3)]
  7928 | D:6      | Shot with an arrow by a centaur

Illustrated notes

Levels and vault maps discovered:
D:1:      minmay_arrival_nine_rooms, layout_rooms, basic_ecumenical_altar
D:2:      layout_basic
D:3:      layout_loops_ring, minitemple, portal_sewer_entry_b,
          lemuel_old_faithful
D:4:      layout_basic, uniq_eustachio
D:5:      layout_layer_cave, minivault_24
D:6:      minmay_chambers_of_threes, layout_basic

Skill      XL: |  1  2  3  4  5  6  7  8 |
---------------+-------------------------+-----
Axes           | 3 4 5 6 7 8 |  8.0
Throwing       | 2 3 4 5 |  5.8
Fighting       | |  3.0
Armour         | |  1.7
Dodging        | |  1.7

Action                   |  1- 3 |  4- 6 |  7- 9 || total
-------------------------+-------+-------+-------++-------
Melee: Hand axe          |   126 |   147 |    68 ||   341
       Punch             |     1 |       |     1 ||     2
       Tailslap          |       |       |     8 ||     8
       Spear             |       |       |     1 ||     1
Throw: Boomerang         |       |    36 |    44 ||    80
Invok: Berserk           |     4 |     6 |     7 ||    17
       Trog's Hand       |       |       |     1 ||     1
Evoke: Wand              |       |       |     2 ||     2
  Use: Scroll            |     5 |       |       ||     5
       Potion            |       |       |     3 ||     3
 Stab: Sleeping          |     1 |     3 |     1 ||     5
Armor: Animal skin       |    19 |       |       ||    19
       Leather armour    |    14 |    31 |     8 ||    53
       Skin              |       |       |     7 ||     7
Dodge: Dodged            |    97 |    74 |    36 ||   207

Table legend: (Time is in decaauts)
 A = Elapsed time spent in this place.
 B = Non-inter-level travel time spent in this place.
 C = Inter-level travel time spent in this place.
 D = Time resting spent in this place.
 E = Time spent auto-exploring this place.
 F = Levels seen in this place.
 G = Mean time per level.
                   A        B        C        D        E       F      G
               +--------+--------+--------+--------+--------+-----+--------+
         Total |   8149 |   7865 |    284 |   2746 |   4176 |   7 | 1164.1 |
       Dungeon |   6840 |   6556 |    284 |   2021 |   3845 |   6 | 1140.0 |
         Sewer |   1308 |   1308 |      0 |    724 |    330 |   1 | 1308.0 |
               +--------+--------+--------+--------+--------+-----+--------+

Top non-repeatable levels by time:
     D:5: 1842 daAuts
     D:4: 1695 daAuts
   Sewer: 1308 daAuts
     D:2: 1249 daAuts
     D:1: 842 daAuts
     D:3: 809 daAuts
     D:6: 401 daAuts
